 Dungeon Crawl Stone Soup version 0.30.0-5-g1a98f26d00 (webtiles) character file.

Game seed: 4314208916387318805

7254 BRD2 the Fighter (level 10, 68/97 HPs)
             Began as a Minotaur Fighter on May 10, 2023.
             Was an Elder of Okawaru.
             Quit the game on level 2 of the Lair of Beasts.
             The game lasted 00:17:45 (9998 turns).

BRD2 the Fighter (Minotaur Fighter)                 Turns: 9998, Time: 00:17:46

Health: 68/97      AC:  8    Str: 25    XL:     10   Next: 88%
Magic:  12/12      EV:  9    Int:  5    God:    Okawaru [****..]
Gold:   572        SH:  5    Dex: 10    Spells: 9/9 levels left

rFire   . . .        a - +0 war axe
rCold   . . .        c - +0 buckler
rNeg    + . .        b - +0 scale mail
rPois   .            (helmet restricted)
rElec   .            (no cloak)
rCorr   .            (no gloves)
SInv    +            (no boots)
Will    .....        (no amulet) Stlth
                     e - ring of see invisible
HPRegen 0.36/turn    t - ring of positive energy
MPRegen 0.13/turn

%: no passive effects
@: no status effects
A: horns 2, retaliatory headbutt
a: Renounce Religion, Heroism, Finesse


You were on level 2 of the Lair of Beasts.
You worshipped Okawaru.
Okawaru was greatly pleased with you.
You visited 3 branches of the dungeon, and saw 11 of its levels.

You collected 572 gold pieces.

Inventory:

Hand Weapons
 a - a +0 war axe (weapon)
 u - the +1 longbow "Ewnis" {flame, rPois rC+ Str-5 Int+2}
   (You found it on level 5 of the Dungeon)

   Str:       It affects your strength (-5).
   Int:       It affects your intelligence (+2).
   rC:        It protects you from cold.
   rPois:     It protects you from poison.
Missiles
 k - 17 poisoned darts (quivered)
 p - 13 boomerangs
 v - 3 atropa-tipped darts
Armour
 b - a +0 scale mail (worn)
 c - a +0 buckler (worn)
Jewellery
 e - a ring of see invisible (left hand)
 t - a ring of positive energy (right hand)
Wands
 d - a wand of polymorph (31)
 g - a wand of digging (5)
 m - a wand of mindburst (10)
 w - a wand of roots (5)
 B - a wand of flame (37)
Scrolls
 h - 2 scrolls of enchant weapon
 i - 4 scrolls of teleportation {unknown}
 j - 2 scrolls of blinking
 q - a scroll of fog {unknown}
 r - a scroll of immolation {unknown}
 s - 2 scrolls of amnesia
 x - a scroll of enchant armour {unknown}
 y - a scroll of brand weapon {unknown}
 z - 2 scrolls of identify
Potions
 f - a potion of lignification {unknown}
 n - 2 potions of flight {unknown}
 o - 2 potions of mutation
 A - a potion of cancellation


   Skills:
 - Level 12.0 Fighting
 + Level 11.7 Axes
 + Level 9.8 Armour
 - Level 5.0 Shields
 - Level 5.0 Invocations
 - Level 2.0 Evocations


You had 9 spell levels left.
You didn't know any spells.
Your spell library contained the following spells:

 Spells                   Type           Power      Damage    Failure   Level
 Foxfire                  Conj/Fire      0%         2x1d4     78%         1
 Magic Dart               Conj           0%         1d3       78%         1
 Shock                    Conj/Air       0%         1d3       78%         1
 Ensorcelled Hibernation  Hex/Ice        0%         N/A       89%         2
 Searing Ray              Conj           0%         2d4       89%         2
 Dazzling Flash           Conj/Hex       0%         N/A       98%         3
 Spider Form              Tmut/Pois      0%         N/A       98%         3
 Swiftness                Air            0%         N/A       98%         3
 Volatile Blastmotes      Fire/Tloc      0%         2d10      98%         3
 Airstrike                Air            0%         2d(0-16)  100%        4
 Anguish                  Hex/Necr       0%         N/A       100%        4
 Fulminant Prism          Conj/Hex       0%         3d5       100%        4
 Iskenderun's Mystic Bla  Conj/Tloc      0%         2d3       100%        4
 Fireball                 Conj/Fire      0%         3d3       100%        5
 Plasma Beam              Fire/Air       0%         2x1d11    100%        6
 Starburst                Conj/Fire      0%         6d3       100%        6


Dungeon Overview and Level Annotations

Branches:
Dungeon (8/15)             Temple (1/1) D:4            Lair (2/5) D:8
  Swamp: Lair:2-3    Shoals: Lair:2-3     Snake: Lair:2-3    Spider: Lair:2-3

Altars:
Ashenzari
Cheibriados
Elyvilon
Fedhas
Hepliaklqana
Makhleb
Okawaru
Qazlal
Sif Muna
Trog
Uskayaw
Vehumet
Wu Jian
Yredelemnul

Shops:
D:5 *


Innate Abilities, Weirdness & Mutations

You have a pair of horns on your head.
You reflexively headbutt those who attack you in melee.


Message History

You feel sick.
Base training target 12.0 for Fighting reached!
Your base Fighting skill increases to level 12!
Blink to where?
Press: ? - help, Dir - move target
As you read the scroll of blinking, it crumbles to dust.
You feel sick.
You feel sick.
You feel sick.
You feel sick.
You are no longer poisoned.
You feel like a meek peon again.
Your hands slow down.
There is a stone staircase leading down, spattered with blood here.
You climb downwards.
The spriggan shouts!
Found a scroll of identify.
Found a stone staircase leading up.
There is a stone staircase leading up here.
Aiming: Mindburst
Press: ? - help, Shift-Dir - straight line, f - spriggan
Aim: a spriggan, wielding a +2 rapier of protection and wearing a +0 robe (chance to affect: 39%)
The spriggan's mind is blasted!!
The spriggan hits you but does no damage.
Aiming: Mindburst
Press: ? - help, Shift-Dir - straight line, f/p - spriggan
Aim: a spriggan, wielding a +2 rapier of protection and wearing a +0 robe (severely wounded, chance to affect: 39%)
The spriggan resists with some effort.
You block the spriggan's attack.
Aiming: Mindburst
Press: ? - help, Shift-Dir - straight line, f/p - spriggan
Aim: a spriggan, wielding a +2 rapier of protection and wearing a +0 robe (severely wounded, chance to affect: 39%)
The spriggan's mind is blasted!
You blow up the spriggan!
Okawaru accepts your kill.
You start resting.
Magic restored.
You start resting.
A cane toad comes into view.
A cane toad is nearby!
A cane toad is nearby!
Are you sure you want to abandon this character and quit the game? (Confirm with "yes".) P

. ♣P ♣.♣
#### ###
♣F♣♣.P##P...
♣P.........
♣)..?.....
♣@.......
♣....#######
♣...#...# P.
......
♣.....#
P.#....#
#####..<.
#...#


You could see a cane toad (wandering).

Vanquished Creatures
  An oklob plant (Lair:1)
  An elephant (D:8)
  A cyclops (D:8)
  A black mamba (Lair:1)
  A cane toad (Lair:1)
  A rime drake (Lair:1)
  An unseen horror (D:7)
  A komodo dragon (Lair:1)
  Grinder (D:3)
  Sigmund (D:4)
  4 yaks (Lair:1)
  A spriggan (Lair:2)
  A wyvern (D:8)
  2 basilisks (D:8)
  A water moccasin (Lair:1)
  A black bear (D:6)
  2 sky beasts
  2 ogres
  A centaur (D:7)
  A phantom (D:5)
  A kobold brigand (D:6)
  7 bullfrogs
  A gnoll sergeant (D:8)
  3 scorpions
  10 killer bees
  A howler monkey (D:4)
  4 hounds
  7 orc priests
  A jelly (D:6)
  3 gnoll boudas
  7 orc wizards
  2 sleepcaps (D:6)
  Jessica (D:2)
  8 iguanas
  Ijyb (D:3)
  14 gnolls
  10 adders
  2 shadow imps
  3 ufetubi
  2 dart slugs
  23 orcs
  4 bats
  8 endoplasms
  4 giant cockroaches
  4 goblins
  6 hobgoblins
  14 kobolds
  6 quokkas
  6 ball pythons
  6 frilled lizards
  3 rats
198 creatures vanquished.

Vanquished Creatures (others)
  A wizard (D:4)
1 creature vanquished.

Grand Total: 199 creatures vanquished

Notes
Turn   | Place    | Note
-------+----------+-------------------------------------------
     0 | D:1      | BRD2 the Minotaur Fighter began the quest for the Orb.
     0 | D:1      | Reached XP level 1. HP: 19/19 MP: 0/0
   157 | D:1      | Reached XP level 2. HP: 27/27 MP: 1/1
   567 | D:1      | Reached skill level 4 in Fighting
   896 | D:2      | Noticed Jessica
   915 | D:1      | Reached XP level 3. HP: 6/33 MP: 2/2
  1052 | D:2      | Killed Jessica
  1146 | D:2      | Reached XP level 4. HP: 26/41 MP: 3/3
  1719 | D:2      | Found a blossoming altar of Fedhas.
  2250 | D:3      | Noticed Ijyb
  2263 | D:3      | Killed Ijyb
  2264 | D:3      | Reached XP level 5. HP: 29/47 MP: 4/4
  2384 | D:3      | Noticed Grinder
  2389 | D:3      | Paralysed by Grinder for 4 turns
  2396 | D:3      | Killed Grinder
  2397 | D:3      | Reached skill level 5 in Fighting
  2397 | D:3      | Reached skill level 5 in Armour
  2397 | D:3      | Reached skill level 5 in Shields
  2397 | D:3      | Reached skill level 1 in Evocations
  2397 | D:3      | Reached XP level 6. HP: 56/56 MP: 5/5
  2861 | D:4      | Found a bloodstained altar of Trog.
  2870 | D:4      | Noticed Sigmund
  2882 | D:4      | Killed Sigmund
  2883 | D:4      | Reached skill level 6 in Fighting
  2883 | D:4      | Reached skill level 5 in Axes
  2883 | D:4      | Reached XP level 7. HP: 38/64 MP: 6/6
  3416 | D:4      | Found a staircase to the Ecumenical Temple.
  3425 | Temple   | Entered the Ecumenical Temple
  3425 | Temple   | Found a transporter.
  3425 | Temple   | Found a transporter.
  3427 | Temple   | Found a transporter.
  3427 | Temple   | Found a transporter.
  3460 | Temple   | Became a worshipper of Warmaster Okawaru
  3639 | D:4      | Reached skill level 7 in Fighting
  3658 | D:4      | HP: 3/66 [ogre/+0 giant spiked club (11)]
  3662 | D:4      | Reached skill level 1 in Invocations
  3977 | D:4      | Noticed a wizard
  3980 | D:4      | Killed a wizard
  4197 | D:5      | Entered Level 5 of the Dungeon
  4264 | D:5      | Reached XP level 8. HP: 70/73 MP: 8/8
  4307 | D:5      | Reached * piety under Okawaru
  4512 | D:5      | Found Ulyroa's Elemental Accessories.
  4540 | D:5      | Identified the +1 longbow "Ewnis" {flame, rPois rC+ Str-5
                  | Int+2}
  4868 | D:6      | Reached skill level 8 in Fighting
  6047 | D:7      | Reached XP level 9. HP: 81/82 MP: 11/11
  6079 | D:7      | Reached skill level 9 in Fighting
  6224 | D:7      | Reached ** piety under Okawaru
  6473 | D:7      | Noticed an unseen horror
  6488 | D:7      | HP: 1/83 [unseen horror (6)]
  6492 | D:7      | Killed an unseen horror
  6493 | D:7      | Reached skill level 5 in Invocations
  7504 | D:8      | Noticed an elephant
  7515 | D:8      | Reached skill level 10 in Fighting
  7531 | D:8      | Killed an elephant
  7531 | D:8      | Reached *** piety under Okawaru
  7726 | D:8      | Found a staircase to the Lair.
  7963 | D:8      | Reached skill level 10 in Axes
  8098 | D:8      | Noticed a cyclops
  8107 | D:8      | Killed a cyclops
  8107 | D:8      | Reached **** piety under Okawaru
  8108 | D:8      | Reached XP level 10. HP: 37/94 MP: 12/12
  8956 | Lair:1   | Entered Level 1 of the Lair of Beasts
  8994 | Lair:1   | Noticed a black mamba
  9000 | Lair:1   | Killed a black mamba
  9001 | Lair:1   | Reached skill level 11 in Fighting
  9306 | Lair:1   | Noticed a cane toad
  9310 | Lair:1   | Killed a cane toad
  9466 | Lair:1   | Noticed an oklob plant
  9479 | Lair:1   | Killed an oklob plant
  9719 | Lair:1   | Noticed a black mamba
  9780 | Lair:1   | Reached ***** piety under Okawaru
  9818 | Lair:1   | Reached skill level 12 in Fighting
  9997 | Lair:2   | Noticed a cane toad
  9998 | Lair:2   | Quit the game

Illustrated notes

Levels and vault maps discovered:
D:1:      dpeg_arrival_simpleton_c, layout_loops_corners
D:2:      layout_basic, basic_altar, st_stairs_14, dreamdust_wishing_well,
          uniq_jessica
D:3:      layout_basic, minmay_misc_feat_chi, kennysheep_minor_cross, uniq_ijyb,
          uniq_grinder
D:4:      layout_cave_pools, trog_wizard, minmay_temple_entry_statues_pillars,
          uniq_sigmund
D:5:      layout_cave_pools, serial_bayou_pond_e, nicolae_elemental_shop
D:6:      layout_gridville, kennysheep_generic_room_10
D:7:      layout_basic
D:8:      layout_gridville, david_lair_generic, kennysheep_generic_room_11
Temple:   hellmonk_temple_divided_pantheon
Lair:1:   layout_misc_corridors, st_stairs_12, grunt_megastairs_1
Lair:2:   beast_lair_carwin_large_1, layout_long_grid,
          minmay_snake_entry_spellcaster, nicolae_lair_lil_pond, wad_woods_02,
          uniq_gastronok

Skill      XL: |  1  2  3  4  5  6  7  8  9 10 |
---------------+-------------------------------+-----
Shields        | 4 5 |  5.0
Fighting       | 4 5 6 7 8 10 12 | 12.0
Armour         | 4 5 7 9 |  9.8
Axes           | 3 4 5 6 8 10 11 | 11.7
Evocations     | 1 2 |  2.0
Invocations    | 1 4 5 |  5.0

Action                     |  1- 3 |  4- 6 |  7- 9 | 10-12 || total
---------------------------+-------+-------+-------+-------++-------
  Melee: War axe           |    70 |   109 |   317 |   105 ||   601
         Headbutt          |     9 |    10 |    64 |    15 ||    98
 Invoke: Heroism           |       |       |     2 |     2 ||     4
         Finesse           |       |       |       |     1 ||     1
  Evoke: Wand              |       |       |       |    10 ||    10
    Use: Potion            |       |     2 |     3 |     3 ||     8
         Scroll            |       |       |    10 |     1 ||    11
 Armour: Scale mail        |    29 |    61 |   123 |    34 ||   247
         Skin              |       |     6 |       |       ||     6
  Dodge: Dodged            |    40 |    53 |   140 |    51 ||   284
  Block: Buckler           |    21 |    19 |    75 |    25 ||   140
